AoeStats
← WinterFox

Nomad

510653605Analyzed
2v2 RM · 21h ago on Oct 2, 2026· 56m 30s· 4 players
Game mode
Random Map
Map size
176×176
Population
200
Speed
Normal
Resources
Standard
Victory
Conquest
Starting age
Dark Age
Ending age
Imperial Age
RankedLock teamsTeams togetherTeam positionsShared explorationLock speedFull tech treeHidden civsTurbo modeCheats
Victory
Defeat
🇦🇷 Vietnamese · Argentina
717
+17
🇦🇷 Khmer · Argentina
603
+22
🇲🇴 Persians · Macao SAR China
743
-20
🇩🇰 Goths · Denmark
734
-29
olivera.mariano
4:56 Loom
13:54 Feudal Age
15:11 Wheelbarrow
14:25 Double-Bit Axe
15:03 Fishing Lines
16:16 Horse Collar
18:32 Scale Barding Armor
19:18 Forging
24:47 Castle Age
24:24 Gold Mining
24:25 Stone Mining
24:29 Fletching
24:40 Scale Mail Armor
26:00 Hand Cart
27:10 Town Watch
29:08 Murder Holes
31:21 Town Patrol
32:09 Bow Saw
34:38 Chain Mail Armor
34:05 Elite Skirmisher
41:55 Imperial Age
42:05 Elite Fire Lancer
42:20 Imperial Skirmisher
45:46 Paper Money
55:44 Two-Man Saw
agusstre
6:53 Loom
14:56 Feudal Age
15:48 Double-Bit Axe
17:44 Wheelbarrow
16:57 Town Watch
19:01 Fishing Lines
25:04 Castle Age
23:51 Stone Mining
25:41 Fletching
26:25 Bow Saw
27:39 Gillnets
31:56 Hand Cart
31:53 Gold Mining
36:20 Imperial Age
35:18 Hand Cart
37:23 Fervor
39:34 Gold Shaft Mining
40:18 Chemistry
39:41 Ballistics
39:17 Murder Holes
39:12 Horse Collar
41:46 Conscription
44:56 Hoardings
45:14 Redemption
54:45 Heavy Plow
WinterFox
10:39 Loom
16:01 Feudal Age
17:19 Wheelbarrow
16:33 Double-Bit Axe
16:29 Horse Collar
21:22 Castle Age
19:50 Horse Collar
20:17 Scale Mail Armor
23:14 Bow Saw
23:37 Heavy Plow
23:27 Town Watch
26:18 Stone Mining
32:32 Squires
32:58 Pikeman
35:24 Wheelbarrow
34:51 Fishing Lines
36:46 Hand Cart
37:02 Gillnets
37:41 Anarchy
38:27 Man-at-Arms
39:51 Town Patrol
40:01 Long Swordsman
45:11 Elite Skirmisher
47:43 Forging
47:58 Chain Mail Armor
48:03 Fletching
48:14 Padded Archer Armor
48:19 Scale Barding Armor
51:06 Imperial Age
52:07 Leather Archer Armor
51:47 Bodkin Arrow
52:13 Chain Barding Armor
52:28 Iron Casting
51:25 Elite Huskarl
52:19 Perfusion
54:53 Conscription
细GG
14:57 Feudal Age
15:46 Double-Bit Axe
17:19 Loom
21:59 Castle Age
20:06 Stone Mining
24:36 Pikeman
25:54 Gold Mining
26:36 Forging
26:46 Kamandaran
27:00 Bow Saw
26:33 Horse Collar
30:18 Wheelbarrow
29:15 Crossbowman
32:13 Fletching
33:48 Bodkin Arrow
36:39 Padded Archer Armor
37:22 Ballistics
38:25 Squires
45:23 Imperial Age
44:17 Leather Archer Armor
44:37 Iron Casting
44:03 Scale Mail Armor
46:16 Thumb Ring
47:15 Blast Furnace
47:16 Conscription
46:23 Halberdier
47:45 Man-at-Arms
48:10 Gambesons
50:41 Chemistry
53:01 Chain Mail Armor
Connection lost

Rejoining the realm…

Still unreachable

The connection could not be restored.

Session expired

The server has moved on; the page needs a fresh start.